 Dungeon Crawl Stone Soup version 0.27.0-1-g7a089689b8 (webtiles) character file.

Game seed: 2078873221425564744

71 Kinoniko the Chopper (level 4, -9/41 HPs)
             Began as a Hill Orc Fighter on Aug 6, 2021.
             Mangled by Sigmund (12 damage)
             ... on level 2 of the Dungeon.
             The game lasted 00:01:17 (1818 turns).

Kinoniko the Chopper (Hill Orc Fighter)             Turns: 1818, Time: 00:01:18

Health: -9/41      AC:  6    Str: 19    XL:     4   Next: 24%
Magic:  4/4        EV:  9    Int:  8    God:
Gold:   45         SH:  0    Dex: 10    Spells: 3/3 levels left

rFire    . . .     SeeInvis .   a - +0 war axe
rCold    . . .     Faith    .   (no shield)
rNeg     . . .     Spirit   .   b - +0 scale mail
rPois    .         Reflect  .   (no helmet)
rElec    .         Harm     .   (no cloak)
rCorr    .         Rampage  .   (no gloves)
Will     .....                  (no boots)
Stlth    ..........             (no amulet)
HPRegen  0.13/turn              (no ring)
MPRegen  0.09/turn              (no ring)

@: mighty, lethally poisoned (-9 -> -18), attractive
A: no striking features
a: no special abilities


You were on level 2 of the Dungeon.
You visited 1 branch of the dungeon, and saw 2 of its levels.

You collected 45 gold pieces.

Inventory:

Hand Weapons
 a - a +0 war axe (weapon)
Armour
 b - a +0 scale mail (worn)
 c - a +0 kite shield
Jewellery
 i - a +6 ring of strength
Scrolls
 e - 3 scrolls of identify {unknown}
 h - a scroll of holy word {unknown}
Potions
 f - 2 potions of heal wounds {unknown}


   Skills:
 + Level 4.5 Fighting
 * Level 5.0 Axes
 - Level 3.2 Armour
 - Level 3.2 Shields


You had 3 spell levels left.
You didn't know any spells.
Your spell library was empty.

Dungeon Overview and Level Annotations

Branches:
Dungeon (2/15)

Altars:

Annotations:
D:2 Sigmund


Message History

A rat comes into view.
You hit the jackal but do no damage.
The jackal is moderately wounded.
You hit the jackal but do no damage. The jackal misses you.
The jackal closely misses you. The jackal bites you.
The jackal barely misses you. Something hits you but does no damage.
You are poisoned.
The rat twitches its whiskers.
A worm comes into view.
You closely miss the jackal.
The jackal is moderately wounded.
You closely miss the jackal.
You feel very sick.
The jackal bites you but does no damage.
The jackal closely misses you.
A giant cockroach comes into view.
Something hits you!
You are more poisoned.
The jackal bites you but does no damage. x2
Unknown command.
You barely miss the jackal.
The jackal is moderately wounded.
You hit the jackal.
You kill the jackal!
You feel very sick.
The jackal bites you but does no damage.
Something completely misses you. The jackal barely misses you.
Sorry, you're not good enough to have a special ability.
You feel very mighty all of a sudden.
You feel very sick. Something hits you!
* * * LOW HITPOINT WARNING * * *
The jackal bites you but does no damage.
Unknown command.
It was a potion of attraction.
You feel attractive to monsters.
* * * LOW HITPOINT WARNING * * *
You feel very sick. The jackal closely misses you. Something hits you!
You die...

#. (..... #.
..####. ....# #.#
#...... ...w##...
....... .w......#
# #...... ## #
#{B.. .. ####
#hr#########.##...
#@...........>..##
#.#############.#
#.#....<........#
#.#.##########..#
#.#.# #..#
#.#.##########..##
#......)..........
###.####.........#
#.# #.#####....


You could see 2 worms, a jackal, a giant cockroach and a rat.

Vanquished Creatures
  Terence (D:2)
  An adder (D:2)
  A worm (D:2)
  3 bats (D:1)
  3 endoplasms
  A goblin (D:1)
  2 hobgoblins (D:1)
  4 jackals
  2 quokkas
  5 ball pythons
  A frilled lizard (D:1)
  5 kobolds
  4 rats
33 creatures vanquished.

Notes
Turn   | Place    | Note
-------+----------+-------------------------------------------
     0 | D:1      | Kinoniko the Hill Orc Fighter began the quest for the Orb.
     0 | D:1      | Reached XP level 1. HP: 19/19 MP: 1/1
    77 | D:1      | Reached skill level 3 in Axes
   202 | D:1      | Reached XP level 2. HP: 27/27 MP: 2/2
   627 | D:1      | Found a faded altar of an unknown god.
   967 | D:1      | Reached skill level 4 in Axes
   971 | D:1      | Reached XP level 3. HP: 16/33 MP: 3/3
  1566 | D:2      | Noticed Terence
  1576 | D:2      | Killed Terence
  1577 | D:2      | Reached XP level 4. HP: 28/41 MP: 4/4
  1770 | D:2      | Reached skill level 5 in Axes
  1809 | D:2      | Noticed Sigmund
  1818 | D:2      | Mangled by Sigmund

Illustrated notes

Levels and vault maps discovered:
D:1:      dpeg_arrival_lava_temple_mockup, layout_basic,
          shapermc_ecumenical_altar_pompeii, serial_forest,
          infiniplex_forest_corner_1, infiniplex_forest_lined_4_way,
          infiniplex_forest_3_way, infiniplex_forest_straight_3,
          infiniplex_forest_zigzag_1, infiniplex_forest_straight_3,
          infiniplex_forest_straight_2, infiniplex_forest_clump_diagonal,
          minmay_misc_feat_encased
D:2:      layout_loops_ring, chequers_serial_rivers_small_b,
          minmay_stone_trees_medium, minmay_pentomino_q4, uniq_terence,
          uniq_sigmund

Skill      XL: |  1  2  3  4 |
---------------+-------------+-----
Axes           | 3 4 5 |  5.0
Fighting       | 4 |  4.5
Armour         | |  3.2
Shields        | |  3.2

Action                   |  1- 3 |  4- 6 || total
-------------------------+-------+-------++-------
Melee: War axe           |    97 |    18 ||   115
  Use: Potion            |       |     2 ||     2
Armor: Scale mail        |    73 |    15 ||    88
Dodge: Dodged            |    66 |    13 ||    79
